 Dungeon Crawl Stone Soup version 0.29-a0-997-gf6f7e2dfe7 (webtiles) character file.

Game seed: 10853916208773171237

628 Jouster the Trooper (level 7, -6/56 (62) HPs)
             Began as a Purple Draconian Berserker on Aug 5, 2022.
             Was a Believer of Trog.
             Mangled by an orc warrior
             ... wielding a +0 scimitar
              (16 damage)
             ... on level 4 of the Dungeon.
             The game lasted 00:35:24 (5164 turns).

Jouster the Trooper (Purple Draconian Berserker)    Turns: 5164, Time: 00:35:25

HP:   -6/56 (62)    AC:  8    Str: 21    XL:     7   Next: 23%
MP:   7/7           EV: 13    Int:  8    God:    Trog [**....]
Gold: 271           SH:  0    Dex: 10    Spells: 6/6 levels left

rFire   . . .      SeeInvis .   c - +0 war axe
rCold   . . .      Faith    .   (no shield)
rNeg    . . .      Spirit   .   (body armour unavailable)
rPois   .          Reflect  .   (helmet restricted)
rElec   .          Harm     .   (no cloak)
rCorr   .          Rampage  .   (no gloves)
Will    +....                   k - +1 pair of boots
Stlth   +.........              (no amulet)
HPRegen 0.18/turn               (no ring)
MPRegen 0.10/turn               (no ring)

@: drained
A: breathe power, AC +6, unfitting armour, cold-blooded
a: Breathe Dispelling Energy, Renounce Religion, Berserk, Trog's Hand


You were on level 4 of the Dungeon.
You worshipped Trog.
Trog was pleased with you.
You visited 1 branch of the dungeon, and saw 4 of its levels.

You collected 271 gold pieces.

Inventory:

Hand Weapons
 a - a +0 hand axe
 c - a +0 war axe (weapon)
Armour
 k - a +1 pair of boots (worn)
Potions
 b - 2 potions of lignification
 d - 3 potions of brilliance
 e - a potion of heal wounds {unknown}
 f - a potion of attraction
 g - 2 potions of curing
 i - a potion of haste
 m - a potion of magic {unknown}
 n - 2 potions of flight {unknown}
 o - 2 potions of might
 p - 4 potions of berserk rage


   Skills:
 + Level 5.9 Fighting
 + Level 5.4 Axes
 + Level 4.9 Dodging


You had 6 spell levels left.
You didn't know any spells.
Your spell library was empty.

Dungeon Overview and Level Annotations

Branches:
Dungeon (4/15)
 Temple: D:4-7

Altars:
Kikubaaqudgha
Uskayaw

Annotations:
D:4 Edmund


Innate Abilities, Weirdness & Mutations

You can breathe bolts of dispelling energy.
Your rich purple scales are hard. (AC +6)
You cannot fit into any form of body armour.
You are cold-blooded and may be slowed by cold attacks.


Message History

You start resting.
An orc is nearby!
You start resting.
You feel a little less mighty now.
You start resting.
An orc comes into view. It is wielding a +0 trident.
The orc shouts!
The orc barely misses you. The orc hits you with a +0 trident.
You slash the orc!
You kill the orc!
Trog accepts your kill.
Press: ? - help, v - describe, . - travel, g - get item
Items here: a +0 trident; a +0 scale mail.
The floor.
You start resting.
An orc warrior is nearby!
The orc warrior shouts!
The orc warrior throws a boomerang.
The boomerang barely misses you.
The orc warrior throws a boomerang.
The boomerang closely misses you. The orc warrior misses you.
You slash the orc warrior!
The orc warrior is heavily wounded.
The orc warrior hits you with a +0 scimitar.
You hit the orc warrior.
The orc warrior is severely wounded.
The orc warrior hits you with a +0 scimitar!
The orc warrior hits you with a +0 scimitar!!
You closely miss the orc warrior.
You tail-slap the orc warrior, but do no damage.
The orc warrior is severely wounded.
The orc warrior hits you with a +0 scimitar!
* * * LOW HITPOINT WARNING * * *
You closely miss the orc warrior.
The orc warrior is severely wounded.
The orc warrior hits you but does no damage.
You hit the orc warrior.
The orc warrior is almost dead.
The orc warrior hits you with a +0 scimitar!
You die...

## ##.........####..# #.g.....##
.####...#...........## #...#.....
.....(.###....#####..###......)..
....#..# ##...# ##.##.....#....
......## #...# ##.......###.!.
......# ##..# #.......## ##).
#.....## ##..### #.####)..# #.)
#......# #.....###.#..#...# #)#
..#....## #.....@...#(.#._.## #.#
.##.....###..####o..#(.#....###.#
.##.........## ##..####...)<#..#
........##..# #..)..).[......#
.......####.### #...###.........
#.....## ##...####.......#.....))
##...## #......#..###..####.....
##.## ##........## #..#####....
#.## ##........## #..##.......


You could see an orc warrior and 2 dancing weapons.

Vanquished Creatures
  An orc warrior (D:4)
  A necrophage (D:3)
  A howler monkey (D:4)
  3 hounds (D:4)
  An orc wizard (D:4)
  17 gnolls (D:4)
  4 adders
  A dart slug (D:1)
  18 orcs
  7 endoplasms
  5 giant cockroaches
  3 goblins
  4 hobgoblins
  10 jackals (D:4)
  5 quokkas
  6 ball pythons
  8 bats
  3 frilled lizards
  5 kobolds
  2 rats (D:1)
105 creatures vanquished.

Vanquished Creatures (others)
  6 plants
6 creatures vanquished.

Grand Total: 111 creatures vanquished

Notes
Turn   | Place    | Note
-------+----------+-------------------------------------------
     0 | D:1      | Jouster the Draconian Berserker began the quest for the
                  | Orb.
     0 | D:1      | Reached XP level 1. HP: 19/19 MP: 1/1
   161 | D:1      | Reached XP level 2. HP: 23/26 MP: 2/2
   535 | D:1      | Reached ** piety under Trog
   823 | D:2      | Reached XP level 3. HP: 29/33 MP: 3/3
  1112 | D:2      | Found a faded altar of an unknown god.
  1197 | D:2      | Found an ancient bone altar of Kikubaaqudgha.
  2284 | D:3      | Reached XP level 4. HP: 39/40 MP: 4/4
  2494 | D:4      | Noticed a necrophage
  2525 | D:3      | Killed a necrophage
  2616 | D:4      | Reached XP level 5. HP: 32/47 MP: 5/5
  2827 | D:4      | Noticed a +0 hand axe
  2827 | D:4      | Noticed a +0 dagger
  2829 | D:4      | Found a hide-covered altar of Uskayaw.
  3199 | D:4      | Reached *** piety under Trog
  3260 | D:4      | Reached skill level 5 in Fighting
  3345 | D:4      | Reached XP level 6. HP: 56/56 MP: 6/6
  3847 | D:4      | Reached skill level 5 in Axes
  4101 | D:4      | Noticed an orc warrior
  4774 | D:4      | Your scales start taking on a rich purple colour.
  4774 | D:4      | Reached XP level 7. HP: 55/62 MP: 7/7
  5058 | D:4      | Noticed Edmund
  5164 | D:4      | Mangled by an orc warrior

Illustrated notes

Levels and vault maps discovered:
D:1:      lemuel_arrival_behind_the_door_large, layout_rooms,
          serial_park_tiny_pond
D:2:      layout_loops_ring, shapermc_ecumenical_altar_petra, basic_altar
D:3:      layout_loops_cross
D:4:      lemuel_castle_with_subvaults [lemuel_castle_interior_original],
          layout_layer_cave, dancing_weapons_uskayaw, uniq_edmund

Skill      XL: |  1  2  3  4  5  6 |
---------------+-------------------+-----
Dodging        | 3 4 |  4.9
Fighting       | 4 5 |  5.9
Axes           | 4 5 |  5.4

Action                   |  1- 3 |  4- 6 |  7- 9 || total
-------------------------+-------+-------+-------++-------
Melee: Hand axe          |   138 |       |       ||   138
       Tailslap          |    13 |    23 |     4 ||    40
       Punch             |     1 |     2 |     1 ||     4
       War axe           |       |   200 |    23 ||   223
Invok: Berserk           |     1 |     4 |     1 ||     6
       Trog's Hand       |       |     3 |     1 ||     4
 Abil: Breathe Dispellin |       |       |     1 ||     1
  Use: Scroll            |    14 |     3 |     1 ||    18
       Potion            |     1 |       |     1 ||     2
Armor: Skin              |    55 |    80 |     3 ||   138
Dodge: Dodged            |   105 |   136 |    12 ||   253

Table legend: (Time is in decaauts)
 A = Elapsed time spent in this place.
 B = Non-inter-level travel time spent in this place.
 C = Inter-level travel time spent in this place.
 D = Time resting spent in this place.
 E = Time spent auto-exploring this place.
 F = Levels seen in this place.
 G = Mean time per level.
                   A        B        C        D        E       F      G
               +--------+--------+--------+--------+--------+-----+--------+
         Total |   5308 |   5308 |      0 |   1533 |     28 |   4 | 1327.0 |
       Dungeon |   5308 |   5308 |      0 |   1533 |     28 |   4 | 1327.0 |
               +--------+--------+--------+--------+--------+-----+--------+

Top non-repeatable levels by time:
     D:4: 2455 daAuts
     D:2: 1058 daAuts
     D:3: 962 daAuts
     D:1: 832 daAuts
